[Event "1000GM 0004 IM Norm 2022"]
[Site "Saint Louis"]
[Date "2022.09.22"]
[Round "2.1"]
[White "Denby, Caleb"]
[Black "Cervantes Landeiro, Thalia"]
[Result "0-1"]
[ECO "D89"]
[WhiteElo "2201"]
[BlackElo "2280"]
[Annotator "TA"]
[PlyCount "106"]
[EventDate "2022.09.21"]
[EventType "tourn"]
[EventCountry "USA"]
[SourceTitle "playchess.com"]
[Source "ChessBase"]
[SourceQuality "1"]
[TimeControl "5400+30"]

1. d4 Nf6 2. c4 g6 3. Nc3 d5 4. cxd5 Nxd5 5. e4 Nxc3 6. bxc3 Bg7 7. Bc4 c5 8. Ne2 O-O 9. O-O Nc6 10. Be3 Bg4 11. f3 Na5 12. Bd3 cxd4 13. cxd4 Be6 14. d5 Bxa1 15. Qxa1 f6 16. Qb1 Bf7 {[%emt 0:02:59] D89: Exchange Grünfeld: Classical Line: 10 Be3 cxd4 11 cxd4 Bg4 12 f3 Na5 13 Bd3.} 17. Nd4 {[%emt 0:00:40] Inhibits e6.} Rc8 18. Qb4 {[%emt 0:00:12][%mdl 1024] White has compensation.} b6 {[%emt 0:08:38][%cal Oe7e6] White has an edge.} 19. Ba6 Rc7 {[%emt 0:11:39] [#]} 20. Rd1 $146 ({Predecessor:} 20. Bh6 Qd7 21. Bb5 Qd8 22. Bc6 Re8 23. Bxe8 Qxe8 24. Rc1 Rxc1+ 25. Bxc1 Qd7 26. Ba3 {1-0 (35) Mareco,S (2481)-Pierrot,J (2420) Buenos Aires 2008}) 20... Nb7 21. Bf4 {[%emt 0:13:17] A strong pair of Bishops.} Nc5 $1 22. Bc4 Rc8 23. Rd2 a5 24. Qb5 {[%emt 0:03:06] And now Nc6 would win.} Nb7 {[%emt 0:03:54] ...Nd6 is the strong threat.} (24... Be8 $5 25. Nc6 Kg7 $11) 25. Bf1 {[%emt 0:18:19] With the idea Nc6.} Nd6 26. Qe2 (26. Qa6 $11) 26... Nc4 $15 27. Rd1 Qd7 28. Bh6 Rfe8 29. Qe1 b5 30. a4 (30. Bxc4 $17 {might work better.} bxc4 31. Qc3) 30... bxa4 31. Qc3 Ne5 32. Qa1 {[%emt 0:00:25] [#]} Red8 (32... Rb8 $1 $19 33. Bf4 Rb6) 33. Bb5 Qd6 ({And not} 33... Qa7 34. Be3 $17) 34. h3 (34. Bxa4 $17 {was necessary.} e6 35. dxe6 Bxe6 36. Nxe6 Qxe6 37. Rxd8+ Rxd8 38. Qb2) 34... Be8 35. Bxe8 Rxe8 36. Kh1 a3 37. Qa2 Nf7 (37... Qb4 $142 38. d6+ e6) 38. Be3 Qb4 {[%emt 0:00:50] aiming for ...Rc3.} 39. Rb1 (39. Nc6 $142 Qb2 40. Rd2 Qxa2 41. Rxa2) 39... Qc3 $19 40. Rb3 Qe1+ 41. Kh2 {[%emt 0:00:04] [#]} Rb8 $1 {[%emt 0:00:34] Hoping for ...Rxb3.} 42. Bf2 Qc1 $2 (42... Qf1 $19 {is more deadly.} 43. Rxa3 Rb1) 43. Be3 $2 {[%emt 0:03:00][%mdl 8192] Loses the game.} (43. Qxa3 $17 {nothing else works.} Qxa3 44. Rxa3) 43... Qc7+ 44. f4 Rxb3 45. Qxb3 Qd6 46. Nc6 {[%emt 0:00:09] Prevents Rb8.} (46. Qa4 Rc8 47. Nc6) 46... e6 {[%emt 0:00:43] Strongly threatening ...exd5.} 47. Nxa5 exd5 48. exd5 a2 49. Nc4 Qa6 50. Bd4 a1=Q 51. Bxa1 Qxa1 52. d6 Qd4 {[%emt 0:00:23] ( -> ...Re1)} 53. Kg3 Kg7 {[%emt 0:00:33] Weighted Error Value: White=0.84/Black=0.24 (precise)} 0-1

[Event "1000GM 0004 IM Norm 2022"]
[Site "Saint Louis"]
[Date "2022.09.22"]
[Round "2.2"]
[White "Tsolakidou, Stavroula"]
[Black "Krishnan, Varun"]
[Result "0-1"]
[ECO "B52"]
[WhiteElo "2400"]
[BlackElo "2306"]
[Annotator "TA"]
[PlyCount "194"]
[EventDate "2022.09.21"]
[EventType "tourn"]
[EventCountry "USA"]
[SourceTitle "playchess.com"]
[Source "ChessBase"]
[SourceQuality "1"]
[TimeControl "5400+30"]

1. e4 c5 2. Nf3 d6 3. Bb5+ Bd7 4. Bxd7+ Qxd7 5. O-O Nc6 6. c3 d5 7. exd5 Qxd5 8. d4 e6 9. Be3 cxd4 {[%emt 0:00:46] B52: Sicilian: Moscow Variation with 3...Bd7.} 10. cxd4 Nf6 11. Nc3 Qa5 {[%emt 0:00:44] The position is equal.} 12. Ne5 Be7 13. Nxc6 bxc6 14. Rc1 O-O 15. Qa4 Qc7 16. Ne2 {[%emt 0:01:57] [#]} Rfc8 $146 ({Predecessor:} 16... Rac8 17. Rc2 Nd5 18. Rfc1 Nxe3 19. fxe3 Bg5 20. Rc3 a5 21. g3 Rfd8 22. Kf2 Rd6 {0-1 (37) Kopp,P-Roeschlau,B (2315) Hessen 1991}) 17. h3 Nd5 18. Bd2 Qb7 19. Qc2 Qa6 20. Ng3 Bf6 (20... Qxa2 $2 21. Ra1 Ne3 22. fxe3 $18 (22. Rxa2 Nxc2 23. Ra4 Rd8 $15)) 21. Qc4 Qb6 22. Bc3 Qb5 23. Qxb5 cxb5 24. Ne4 Nf4 {[%emt 0:04:00] ...Ne2+ is the strong threat.} 25. Rce1 {[%emt 0:03:28] Inhibits Ne2+.} Be7 {[%emt 0:01:47] Black is more active.} 26. g3 Nd5 27. f4 (27. Rc1 $17 {was worth a try.}) 27... b4 $19 28. Bd2 Rc4 (28... Rc2 $19 {Threatens to win with ...f5.} 29. Rf2 Rxb2) 29. f5 $17 Rxd4 30. fxe6 fxe6 31. Bc1 Rc8 32. Nd2 (32. Nf2 $17) 32... Rd3 33. Nf3 Rc2 34. Rxe6 Rxf3 35. Rxf3 Rxc1+ 36. Kg2 Bf6 {[%emt 0:01:17] Inhibits Re5.} 37. Re8+ Kf7 38. Ra8 Rc7 39. a3 Kg6 40. axb4 Nxb4 41. b3 h5 42. Rf4 (42. Re8 $17 {keeps fighting.}) 42... Rc2+ $19 43. Rf2 Rc3 44. Rf3 Nd3 45. Kf1 {[%emt 0:00:02] Prevents Ne1.} Rc1+ ({And not} 45... Rxb3 46. Rxa7 Rb1+ 47. Ke2) 46. Ke2 Ne5 47. Re3 Rc2+ 48. Kf1 Ra2 49. Re8 Nc6 50. R8e4 a5 51. Rc4 Nd4 (51... Ra1+ $19 52. Kf2 Nb4) 52. Rd3 $17 Ra1+ 53. Kf2 Ra2+ 54. Kf1 $1 Nc2 55. Ra4 Rxa4 56. bxa4 Be7 {[%emt 0:00:27] Against Rd6+} ({Black should play} 56... Nd4 $17 {next ...Kf5 is good for Black.} 57. Kg2 Kf5) 57. Ke2 $1 $11 Bb4 58. Rd5 $2 (58. Rd1 $1 $11) 58... Ne1 $2 ({Black should try} 58... Na3 $1 $19 {White must now prevent ...Nb1.} 59. Kd3 Nb1) 59. Rb5 Nc2 (59... h4 $11 60. gxh4 Nc2 61. Rg5+ Kf6) 60. Rd5 $17 {[%emt 0:00:13] White is now going downhill.} Na3 $1 61. Kd3 {[%emt 0:01:21] [#]} Nb1 $1 62. Kc4 (62. g4 {might work better.}) 62... Nc3 $19 63. Re5 Nxa4 64. h4 {[%emt 0:00:22] [#]} (64. Kd3 $142) 64... Nc5 $1 65. Rg5+ {[%emt 0:00:11] [#]} (65. g4 hxg4) 65... Kh6 $1 66. g4 hxg4 67. Rxg4 Nd7 68. Rg5 {[%emt 0:00:48] Inhibits Ne5+.} Nf8 69. Kb5 $2 (69. Rg4) 69... Ng6 70. Rg4 Ne7 71. Rf4 {[%emt 0:00:37] Prevents Nf5.} g6 72. Re4 Nf5 {[%emt 0:00:19] ( -> ...Nd6+)} 73. Rg4 Be1 74. Rg1 Bd2 75. Rg2 Bc3 76. Rg4 Bb4 {[%emt 0:00:22] aiming for ...Be1.} 77. Ka4 Nd6 (77... Be7 $142 78. Kxa5 Bxh4) 78. Rg5 Ne4 79. Rg4 Nd2 80. Rg3 Nc4 81. Rg5 Ne3 {[%emt 0:00:29] Strongly threatening ...Be1.} 82. Rg3 Bd2 {[%emt 0:00:24] And now ...Nf5 would win.} 83. Kb5 Nf5 $2 (83... Kh7 84. Ka4 Nf5) 84. Rg2 Bc3 85. Rg4 Ne3 86. Rg3 Bd2 87. Ka4 $2 (87. Rg5) 87... Nf5 {[%emt 0:00:35][%csl LRg3,LRh4] Black is clearly winning.} 88. Rg2 Be1 89. Rg1 Bf2 90. Rg2 Bb6 91. Rb2 Bd8 92. Rb8 Bxh4 93. Kxa5 g5 94. Kb5 g4 95. Kc4 g3 96. Rg8 g2 97. Rxg2 Ne3+ {[%emt 0:00:02] Weighted Error Value: White=0.14 (very precise) /Black=0.17 (very precise)} 0-1

[Event "1000GM 0004 IM Norm 2022"]
[Site "Saint Louis"]
[Date "2022.09.22"]
[Round "2.3"]
[White "Yim, Sung Ho"]
[Black "Eckert, Doug"]
[Result "1-0"]
[ECO "D11"]
[WhiteElo "2207"]
[BlackElo "2165"]
[Annotator "TA"]
[PlyCount "93"]
[EventDate "2022.09.21"]
[EventType "tourn"]
[EventCountry "USA"]
[SourceTitle "playchess.com"]
[Source "ChessBase"]
[SourceQuality "1"]
[TimeControl "5400+30"]

1. Nf3 d5 2. d4 Nf6 3. c4 c6 4. e3 Bg4 5. h3 Bh5 6. g4 {[%emt 0:01:10] D11: Slav Defence: 3 Nf3 sidelines and 3...Nf6 4 e3 Bg4.} Bg6 7. Ne5 Bxb1 8. Rxb1 {[%emt 0:00:11] White is slightly better.} e6 {[%emt 0:00:27] [#]} 9. a3 $146 {[%emt 0:04:51] Inhibits Bb4+.} ({Predecessor:} 9. Bg2 Qa5+ 10. Bd2 Bb4 11. Bxb4 Qxb4+ 12. Qd2 Qe7 13. O-O Nbd7 14. Nxd7 Nxd7 15. f4 dxc4 {½-½ (21) Abel,D (2465)-Smeets,J (2602) Germany 2019}) 9... Nbd7 10. Nxd7 Nxd7 11. h4 Be7 12. h5 h6 13. Bd3 Qc7 (13... dxc4 $11 14. Bxc4 O-O) 14. Qe2 (14. cxd5 $14 exd5 15. Qf3) 14... Nf6 15. Bd2 Ne4 16. Bxe4 (16. cxd5 $14 Nxd2 17. Qxd2) 16... dxe4 $11 17. Bc3 O-O-O 18. Rd1 f5 19. Kd2 Bf6 20. Kc2 c5 21. b3 (21. gxf5 $14 cxd4 22. Bxd4 (22. exd4 exf5 23. Rh3 f4 $11)) 21... cxd4 22. exd4 Kb8 23. f3 exf3 24. Qxf3 fxg4 $1 25. Qxg4 Rhe8 ({Black should try} 25... b5 $1 $14) 26. Rhe1 $16 e5 $2 {[%emt 0:07:10] This move loses the game for Black.} (26... Re7 $16) 27. dxe5 $18 Rxd1 28. Qxd1 ({Resist} 28. Rxd1 $6 Rxe5 29. Bxe5 Qxe5 $16) 28... Be7 (28... Bxe5 $2 29. Bxe5 Rxe5 30. Rxe5 $18) 29. a4 Rd8 30. Qg4 Bg5 31. e6 {[%emt 0:06:17] [#] Strongly threatening Be5.} Qe7 (31... Qd6 $2 32. Be5 Qxe5 33. Rxe5 $18) 32. Re2 a6 33. Qf5 {[%emt 0:00:39] Active counter play!} Ka8 34. c5 Rc8 (34... Rf8 {was worth a try.} 35. Qd5 Rd8) 35. Bd4 Bf6 36. Bf2 Qc7 37. b4 Qc6 $2 (37... Be7 38. Qe4 Qh2) 38. Kb3 {[%emt 0:01:24] [#] e7 is the strong threat.} Qh1 (38... Qc7 $142 39. Qd5 Rd8) 39. Re1 Qh2 40. b5 {[%emt 0:00:56] e7 would kill now.} a5 41. Re2 (41. e7 $142 Re8 42. Qd7 Qb8 43. c6 Rxe7 44. Rxe7 Bxe7 45. c7 Qg8+ 46. Kc3) 41... Qc7 (41... Qh1 $18 42. Re1 Qh2) 42. Rd2 {[%emt 0:01:07] White mates.} Rd8 43. Rd7 Rxd7 44. exd7 Qd8 45. Qe6 Qc7 46. Qe8+ Bd8 47. Bh4 {[%emt 0:00:46] Weighted Error Value: White=0.32/Black=0.58} 1-0

[Event "1000GM 0004 IM Norm 2022"]
[Site "Saint Louis"]
[Date "2022.09.22"]
[Round "2.4"]
[White "Wang, Tianqi"]
[Black "Antova, Gabriela"]
[Result "1-0"]
[ECO "B23"]
[WhiteElo "2424"]
[BlackElo "2305"]
[Annotator "TA"]
[PlyCount "71"]
[EventDate "2022.09.21"]
[EventType "tourn"]
[EventCountry "USA"]
[SourceTitle "playchess.com"]
[Source "ChessBase"]
[SourceQuality "1"]
[TimeControl "5400+30"]

1. e4 c5 2. Nc3 Nc6 3. Bb5 Nd4 4. Nf3 a6 5. Bd3 Nc6 6. b3 {[%emt 0:00:25] B23: Closed Sicilian: Lines without g3.} d6 7. O-O {[%emt 0:00:42] [#]} e5 $146 ({Predecessor:} 7... g6 8. Bb2 Bg7 9. h3 e6 10. Na4 e5 11. Nc3 Nge7 12. a4 O-O 13. Bc4 h6 {½-½ (76) Andreikin,D (2719)-Carlsen,M (2835) St Petersburg 2018}) 8. Re1 {[%emt 0:04:55] The position is equal.} Nge7 9. Nd5 Ng6 (9... Be6 $11 {keeps the balance.}) 10. c3 Be7 11. Bf1 {[%emt 0:00:22] White has more active pieces. The black rooks are badly placed.} (11. Be2 $16) 11... O-O $11 12. d3 Nh4 13. Nd2 Bg5 14. g3 Ng6 15. Bg2 Nce7 16. Ne3 Bxe3 17. Rxe3 d5 18. Re1 d4 19. cxd4 Qxd4 20. Ba3 Be6 21. Rc1 {[%emt 0:07:19][%cal Ba1c1,Bc1c4,Bc4b4,Bb4b3][%mdl 32] Black must now prevent Nf3.} b6 22. Nc4 Bxc4 23. Rxc4 Qd7 24. b4 cxb4 25. Rxb4 b5 26. d4 a5 27. Rb3 b4 28. Bb2 Rfd8 (28... Nc6 $14) 29. Rd3 Nf8 30. d5 f6 31. f4 Nfg6 (31... Neg6 $14) 32. Rf1 Rac8 (32... Kh8 $16 {was called for.}) 33. Kh1 (33. h4 $18 {and White stays clearly on top.}) 33... Qd6 34. Bc1 (34. Bh3 $16) 34... Rc4 35. Bd2 Nc6 $2 {[%emt 0:01:10][%mdl 8192] [#]} (35... Nc8 $11 {and Black has nothing to worry.}) 36. Qb3 {[%emt 0:00:13] Weighted Error Value: White=0.14 (very precise) /Black=0.35} 1-0

[Event "1000GM 0004 IM Norm 2022"]
[Site "Saint Louis"]
[Date "2022.09.22"]
[Round "2.5"]
[White "Chen, Ryo"]
[Black "Marek, Matyas"]
[Result "1/2-1/2"]
[ECO "B43"]
[WhiteElo "2256"]
[BlackElo "2338"]
[Annotator "TA"]
[PlyCount "89"]
[EventDate "2022.09.21"]
[EventType "tourn"]
[EventCountry "USA"]
[SourceTitle "playchess.com"]
[Source "ChessBase"]
[SourceQuality "1"]
[TimeControl "5400+30"]

1. e4 c5 2. Nf3 e6 3. d4 cxd4 4. Nxd4 a6 5. Nc3 b5 6. Bd3 Bb7 7. O-O Ne7 8. Be3 Nbc6 {[%emt 0:00:00] B43: Sicilian: Kan Variation: 5 Nc3.} 9. Nb3 Ne5 {[%emt 0:05:37] [#]} 10. Qh5 $146 ({Predecessor:} 10. f4 Nxd3 11. Qxd3 Nc6 12. Rad1 Qc7 13. Rf2 Be7 14. Bc5 Rd8 15. Qe3 Bxc5 16. Nxc5 {1-0 (54) Zagrebelny,S (2510)-Katalymov,B (2455) Almaty 1995}) 10... Nxd3 {[%emt 0:03:56] White is slightly better.} 11. cxd3 d6 12. f4 {[%emt 0:08:53] White has more active pieces. The black rooks are badly placed.} g6 {[%emt 0:09:55] Inhibits f5.} 13. Qg4 f5 14. Qe2 Bg7 15. Bd4 e5 16. fxe5 dxe5 17. Bc5 O-O $1 18. Rad1 Qc7 19. Kh1 Rae8 20. Qe3 Rf7 21. Bb6 Qb8 22. Bc5 Qc8 23. d4 (23. a4 $11) 23... exd4 $1 $17 24. Bxd4 b4 $1 25. Bxg7 Rxg7 26. Ne2 (26. Na4 $17) 26... Bxe4 {[%emt 0:02:33] Threatens to win with ...Nd5.} 27. Ng3 Bd5 28. Rfe1 Rf8 {[%emt 0:01:53] ...f4 is the strong threat.} (28... Qc2 $2 29. Rxd5 Qxb2 30. Qe6+ Rf7 31. Rd7 $18) 29. Ne2 {[%emt 0:01:39] [#]} (29. Qg5 $17 {was worth a try.} Qb7 30. Ne2) 29... g5 $1 $19 {[%emt 0:00:32] Strongly threatening ...f4.} 30. Qe5 {[%emt 0:01:18] [#]} (30. Qf2 $17 {was called for.}) 30... Qb7 $2 ({Black should play} 30... Qa8 $1 $19 31. Kg1 Bxg2) 31. Nc5 $1 $11 {[%emt 0:01:19] The position is equal.} Qc6 (31... Bxg2+ $2 32. Kg1 Qa8 33. Ne6 $18 (33. Rd7 $2 Bh1 $19)) 32. Nd4 $1 Qxc5 33. Ne6 Bxg2+ $1 34. Kxg2 {[%emt 0:00:05][%csl Ge6][%cal Re5g7] Really sharp!} Qxe5 35. Rxe5 Ng6 36. Ra5 Nf4+ 37. Nxf4 gxf4+ {[%emt 0:00:03][%mdl 4096] Endgame KRR-KRR} 38. Kf3 Rg6 39. Rd4 b3 40. axb3 Rb6 41. b4 Rfb8 42. Ra4 Rc8 43. Ra5 Rcb8 44. Ra4 Rc8 45. Ra5 {[%emt 0:00:04] Weighted Error Value: White=0.22 (precise) /Black=0.20 (precise)} 1/2-1/2

[Event "1000GM 0004 IM Norm 2022"]
[Site "Saint Louis"]
[Date "2022.09.22"]
[Round "3.1"]
[White "Marek, Matyas"]
[Black "Denby, Caleb"]
[Result "1-0"]
[ECO "B10"]
[WhiteElo "2338"]
[BlackElo "2201"]
[Annotator "TA"]
[PlyCount "59"]
[EventDate "2022.09.21"]
[EventType "tourn"]
[EventCountry "USA"]
[SourceTitle "playchess.com"]
[Source "ChessBase"]
[SourceQuality "1"]
[TimeControl "5400+30"]

1. e4 c6 2. d3 d5 3. Nd2 g6 4. Ngf3 Bg7 5. g3 e5 6. Bg2 Ne7 7. O-O O-O 8. b4 a5 9. bxa5 Qxa5 10. Bb2 d4 11. a4 Qc7 12. c3 {[%emt 0:00:56][%cal Rc3d4] B10: Caro-Kann: 2 d3 and 2 c4.} c5 13. cxd4 cxd4 14. Ba3 {[%emt 0:01:29] White is slightly better.} Rd8 15. Nc4 Nec6 16. Bc5 {[%emt 0:06:40] [#]} Ra6 $146 {[%emt 0:01:35] Inhibits Bb6.} (16... Re8 $14) ({Predecessor:} 16... Re8 17. Nb6 Ra6 18. Nd5 Qd8 19. Qd2 Be6 20. Rfb1 Nd7 21. Qc1 Nxc5 22. Qxc5 Bxd5 23. exd5 {1-0 (43) Ketzscher,R-Osterroth,R DDR 1977}) 17. Qb1 $36 {[%emt 0:02:57][%mdl 2048] White is on the roll.} Re8 18. Nd6 Rd8 19. Nb5 {[%emt 0:29:18] White has more active pieces. The black rooks are badly placed.} Qd7 {[%emt 0:04:09] [#]} (19... Qa5 $16 {keeps fighting.}) 20. Ng5 $1 $18 {[%emt 0:01:36] Bh3 is the strong threat.} Qg4 {[%emt 0:09:16] [#]} 21. f4 (21. h4 $1 $18 {is more deadly.}) 21... Nd7 $2 {[%emt 0:02:44][%mdl 8192] This costs Black the game.} (21... h6 $16 {is more resistant.}) 22. Ba3 {[%emt 0:05:17] aiming for Bf3.} ({Don't play} 22. Bf3 Qxg5 23. fxg5 Nxc5 $18) 22... exf4 23. Nxf7 {[%emt 0:00:40][%mdl 64] Decoy. White is clearly winning.} Kxf7 (23... Nde5 $142) 24. Qb3+ Qe6 25. Nd6+ {[%emt 0:00:03][%mdl 64] Discovered Attack, Double Attack} Ke7 26. Nxc8+ {[%emt 0:00:02][%mdl 64] Discovered Attack (Double check)} Kf7 27. Nd6+ Ke7 28. Nxb7+ Kf7 29. Qxe6+ Kxe6 30. Bh3+ {[%emt 0:00:03] Weighted Error Value: White=0.17 (very precise) /Black=0.49} 1-0

[Event "1000GM 0004 IM Norm 2022"]
[Site "Saint Louis"]
[Date "2022.09.22"]
[Round "3.2"]
[White "Antova, Gabriela"]
[Black "Chen, Ryo"]
[Result "0-1"]
[ECO "D03"]
[WhiteElo "2305"]
[BlackElo "2256"]
[Annotator "TA"]
[PlyCount "134"]
[EventDate "2022.09.21"]
[EventType "tourn"]
[EventCountry "USA"]
[SourceTitle "playchess.com"]
[Source "ChessBase"]
[SourceQuality "1"]
[TimeControl "5400+30"]

1. d4 Nf6 2. Nf3 g6 3. Bg5 Bg7 4. Nbd2 d5 5. e3 O-O 6. Be2 c5 7. c3 Qb6 8. Qb3 Nc6 9. O-O Rd8 {[%emt 0:02:48] D03: 1 d4 d5 2 Nf3 Nf6 3 Bg5, including Torre Attack with early ...d5.} 10. h3 Bf5 11. Bf4 {[%emt 0:00:48] [#]} cxd4 $146 {[%emt 0:21:13] The position is equal.} ({Predecessor:} 11... Qxb3 12. axb3 cxd4 13. exd4 Rac8 14. Ne5 a6 15. b4 Nxe5 16. Bxe5 Nd7 17. Bxg7 Kxg7 {½-½ (41) Wiemers,H (1956)-Kosak,M (2172) Germany 2010}) 12. Qxb6 (12. Nxd4 {with more complications.} Nh5 13. Qxb6 axb6 14. Bc7) 12... axb6 13. exd4 (13. Nxd4 {looks sharper.} Be4 14. Rfd1 Ne8 15. Bb5) 13... Nd7 14. g4 Be6 15. Ng5 Nf8 16. Bc7 (16. Nxe6 $14 Nxe6 17. Bg3) 16... Rdc8 $11 17. Bxb6 Nd7 18. Bc5 Nxc5 19. dxc5 Bd7 20. Nb3 h6 21. Nf3 Na5 22. Nfd2 Nxb3 23. Nxb3 e6 24. Rfd1 Ba4 {[%emt 0:01:04][%mdl 1024] Black has compensation.} 25. Kg2 g5 26. Bf3 Bf8 27. Rdc1 Rc7 28. Bd1 Bxc5 29. Nxc5 Rxc5 30. Bf3 Bb5 31. Re1 Bc4 32. a3 Rb5 $1 33. b4 Rb6 34. a4 $1 Rc6 35. Ra3 Bd3 36. Re3 Bc4 37. Re1 Kf8 38. Be2 Bxe2 39. Rxe2 $15 {[%emt 0:00:02][%mdl 4096] Endgame KRR-KRR} Ke7 40. a5 Rca6 41. Rb3 b6 42. axb6 Rxb6 43. h4 Kd6 44. Re3 e5 45. Rf3 {[%emt 0:00:27] Strongly threatening Rf6+.} Ke6 {[%emt 0:00:10] Against Rf6+} ({But not} 45... gxh4 46. Rf6+ Kc7 47. Rxf7+ Kc6 48. Rb2 $14) 46. Rb2 f6 47. Rb1 Rc8 48. hxg5 hxg5 49. Rh1 (49. Ra1 $15) 49... Rf8 (49... Rbc6 $1 $17 50. Rh6 Rf8) 50. Rh6 {[%emt 0:00:49] [#]} (50. Ra1 $11 {keeps the balance.}) 50... Rc6 $1 $17 51. Rf5 Rxc3 {[%emt 0:00:49] aiming for ...Rc1.} 52. Rxg5 d4 {[%emt 0:00:22][%cal Bd5d4,Bd4d3][%mdl 32] Black is more active.} 53. Rgg6 $2 {[%emt 0:00:46] Now White is beyond hope.} (53. Rf5 $17 {keeps fighting.}) 53... d3 {[%emt 0:00:29] And now ...d2 would win.} 54. Kf3 $2 (54. Rh1) 54... Rc1 $19 {[%emt 0:01:03] ( -> ...d2)} ({Wrong is} 54... Rc2 $2 55. Rh1 $19) 55. Ke3 {[%emt 0:00:16] [#]} e4 $1 {[%emt 0:00:12][%cal Be5e4,Be4e3][%mdl 32] Hoping for ...Re1+.} 56. g5 Re1+ 57. Kd2 Re2+ 58. Kd1 Rxf2 (58... Kd5 $142 59. Rxf6 Rxf2 60. Rxf8 Rxf8) 59. gxf6 e3 {[%emt 0:00:32][%cal Rf2f1] Black mates.} 60. Rg1 Ra8 61. f7+ Kxf7 62. Rh7+ Ke6 63. Rh6+ Kd5 64. Rh5+ Kc4 65. Ra5 Rxa5 66. bxa5 Ra2 67. Rg4+ Kc3 {[%emt 0:00:04] Weighted Error Value: White=0.57/Black=0.21 (precise)} 0-1

[Event "1000GM 0004 IM Norm 2022"]
[Site "Saint Louis"]
[Date "2022.09.22"]
[Round "3.3"]
[White "Krishnan, Varun"]
[Black "Yim, Sung Ho"]
[Result "1-0"]
[ECO "C28"]
[WhiteElo "2306"]
[BlackElo "2207"]
[Annotator "TA"]
[PlyCount "77"]
[EventDate "2022.09.21"]
[EventType "tourn"]
[EventCountry "USA"]
[SourceTitle "playchess.com"]
[Source "ChessBase"]
[SourceQuality "1"]
[TimeControl "5400+30"]

1. e4 e5 2. Bc4 Nf6 3. d3 Nc6 4. Nc3 Bb4 5. Nge2 d5 6. exd5 Nxd5 7. Bxd5 Qxd5 8. O-O Qd8 {[%emt 0:04:06] C28: Vienna Game: 2...Nf6 3 Bc4 Nc6.} 9. f4 exf4 {[%emt 0:10:43] [#] ...g5 is the strong threat.} 10. d4 $146 ({Predecessor:} 10. Bxf4 O-O 11. Ng3 f5 12. Kh1 Nd4 13. a3 Ba5 14. b4 Bb6 15. Na4 Bd7 16. c4 Bxa4 17. Qxa4 {0-1 (38) Chigaev,M (2547)-Hess,R (2571) Chess.com INT 2017}) 10... O-O {[%emt 0:06:02] aiming for ...g5. Black is slightly better.} 11. d5 Bc5+ 12. Kh1 Ne5 (12... f3 $15 13. Rxf3 Ne5) 13. Bxf4 $11 Ng6 14. Ne4 Nxf4 (14... Bg4 $5 15. Nxc5 Re8 $11) 15. Nxf4 {[%emt 0:02:02] Pair of Knights!} Be7 16. Qd4 f5 17. Nc5 Bxc5 18. Qxc5 Qd6 19. Qc4 Bd7 20. Ne6 Rf6 21. Nc5 Bc8 (21... Rh6 22. h3 $14) 22. Rfe1 b6 23. Ne6 (23. Re8+ $2 Kf7 24. Rae1 bxc5 $19) 23... c5 {[%emt 0:16:20] [#]} (23... Bd7 $11) 24. Nc7 $1 $16 {[%emt 0:09:01][%mdl 512] White stays focused until the end.} Qxc7 (24... Rh6 25. Re8+) 25. d6+ $1 {[%emt 0:00:37][%mdl 64] Discovered Attack} Be6 26. Rxe6 (26. dxc7 $2 {perishes.} Bxc4 27. a4 Rc8 $19) 26... Qf7 {[%emt 0:00:17] Prevents Re8+.} 27. Rae1 Rxe6 (27... h6 $16 {was called for.}) 28. Rxe6 {[%emt 0:00:21][%mdl 4096] Endgame KQR-KQR} ({Worse is} 28. Qxe6 Qxe6 29. Rxe6 Rd8 $17) 28... Kf8 29. Qd5 Rd8 30. Kg1 $40 {[%emt 0:03:38][%mdl 128] Black is in trouble.} h6 31. h3 Kg8 (31... c4 $142 32. a4 (32. Qxc4 Re8 $16) 32... a6 33. Qxc4 Re8 34. Rxe8+ Qxe8) 32. Qe5 $18 {[%emt 0:02:19] And now Re7 would win.} Qh5 (32... Kf8 {is a better defense.} 33. Rxh6 Kg8) 33. Kh2 {[%emt 0:05:52] White is clearly winning.} a5 34. Re7 Qg6 35. d7 {[%emt 0:01:05] Black must now prevent Re8+.} Kh7 36. Qc7 f4 37. Qxd8 {[%emt 0:01:12] White wants to mate with Re8. Active counter play!} Qg3+ 38. Kg1 {[%emt 0:00:39] Re8 would kill now.} f3 {[%emt 0:00:06] [#]} 39. Qg8+ $3 {[%emt 0:00:16][%mdl 512] Weighted Error Value: White=0.05 (flawless) /Black=0.38} 1-0